 Dungeon Crawl Stone Soup version 0.30.0-29-ga12c61a403 (webtiles) character file.

Game seed: 15460908794255521534

4375 qw the Cleaver (level 10, -5/63 HPs)
             Began as a Gargoyle Fighter on June 5, 2023.
             Was a Priest of Okawaru.
             Slain by a death yak (19 damage)
             ... on level 8 of the Dungeon.
             The game lasted 00:05:06 (6978 turns).

qw the Cleaver (Gargoyle Fighter)                   Turns: 6978, Time: 00:05:06

Health: -5/63      AC: 39    Str: 31    XL:     10   Next: 35%
Magic:  11/13      EV: 10    Int: 10    God:    Okawaru [***...]
Gold:   37         SH:  6    Dex:  9    Spells: 9/9 levels left

rFire   . . .        Y - +0 war axe
rCold   + . .        y - +0 buckler {rC+}
rNeg    + . .        b - +3 plate armour {Will+}
rPois   inf          p - +0 helmet
rElec   +            n - +5 cloak of Greater Demons {Str+2}
rCorr   .            r - +2 pair of gloves
SInv    +            x - +0 pair of boots {Stlth+}
Will    +....        f - amulet of faith Stlth
                     e - +6 ring of strength
HPRegen 0.30/turn    u - ring of see invisible
MPRegen 0.13/turn

%: faith
@: about to teleport, heroic
A: sickness immunity, AC +7, negative energy resistance 1, electricity
resistance, torment resistance 1, petrification resistance
a: Renounce Religion, Heroism


You were on level 8 of the Dungeon.
You worshipped Okawaru.
Okawaru was most pleased with you.
You visited 1 branch of the dungeon, and saw 8 of its levels.
You also visited: Sewer.

You collected 538 gold pieces.
You spent 501 gold pieces at shops.


Innate Abilities, Weirdness & Mutations

You are immune to sickness and miasma.
Your stone body is resilient. (AC +7)
You are immune to poison.
You resist negative energy. (rN+)
You are resistant to electric shocks. (rElec)
You are resistant to unholy torment.
You are immune to petrification.


   Skills:
 + Level 7.4(12.4) Fighting
 - Level 10.0(15.0) Axes
 - Level 2.0(7.0) Throwing
 - Level 7.3(12.3) Armour
 - Level 1.0(6.0) Dodging
 - Level 4.5(9.5) Shields
 - Level 4.0 Invocations


You had 9 spell levels left.
You didn't know any spells.
Your spell library was empty.

Inventory:

Hand Weapons
 m - a +0 morningstar
 Y - a +0 war axe (weapon)
Missiles
 w - 5 boomerangs (quivered)
Armour
 b - a +3 plate armour of willpower (worn)
 n - the +5 cloak of Greater Demons (worn) {Str+2}
   (You acquired it on level 2 of the Dungeon)

   Str:       It affects your strength (+2).
 p - a +0 helmet (worn)
 r - a +2 pair of gloves (worn)
 x - a +0 pair of boots of stealth (worn)
 y - a +0 buckler of cold resistance (worn)
Jewellery
 e - a +6 ring of strength (left hand)
 f - an amulet of faith (around neck)
 j - a ring of see invisible
 k - a ring of ice
 u - a ring of see invisible (right hand)
 v - a +6 ring of dexterity
Wands
 h - a wand of digging (1)
Scrolls
 a - a scroll of identify
 l - 5 scrolls of teleportation
Potions
 d - 3 potions of might
 g - a potion of attraction
 i - 2 potions of lignification
 o - a potion of brilliance {unknown}
 q - a potion of magic {unknown}
 s - a potion of haste
 t - 5 potions of curing

Dungeon Overview and Level Annotations

Branches:
Dungeon (8/15)             Temple (0/1) D:6           Sewer (visited)
   Lair: D:8-11

Altars:
Dithmenos
Elyvilon
Gozag
Hepliaklqana
Kikubaaqudgha
Okawaru
Qazlal
Ru
Sif Muna
Vehumet
Yredelemnul

Shops:
D:5 [   D:6 [   D:7 **


Message History

You barely miss the death yak. You hit the death yak. The death yak gores you!
The death yak gores you but does no damage.
You hit the death yak.
The death yak is lightly wounded.
You slash the death yak! The death yak gores you!
The death yak barely misses you.
You completely miss the death yak.
The death yak is lightly wounded.
You hit the death yak but do no damage. You slash the death yak!
You block the death yak's attack. The death yak gores you!
The death yak gores you but does no damage.
You hit the death yak but do no damage.
The death yak is moderately wounded.
You slash the death yak! You hit the death yak but do no damage.
You hit the death yak but do no damage.
The death yak is moderately wounded.
You hit the death yak but do no damage. You barely miss the death yak.
The death yak gores you but does no damage.
The death yak gores you.
The death yak gores you but does no damage.
You slash the death yak!
The death yak is moderately wounded.
You hit the death yak but do no damage. You barely miss the death yak.
The death yak gores you but does no damage.
The death yak closely misses you. The death yak gores you!
6976 ||| READING 6 scrolls of teleportation.
As you read the scroll of teleportation, it crumbles to dust.
You feel strangely unstable.
You feel like a meek peon again.
The death yak gores you but does no damage. x3
6977 ||| INVOKING Heroism.
You gain the combat prowess of a mighty hero.
The death yak gores you but does no damage. x3
You hit the death yak.
The death yak is heavily wounded.
You slash the death yak! x2
The death yak completely misses you. You block the death yak's attack.
The death yak gores you!!
You die...

###########
........%.######. #
#.#####.........< .#
#.#######.######.###.###
.......##...............
..####.#####.####.......
....... #..)>......#
..###..####..####Y...#
..# #...#.......@Yr#.
#.###.#.#.#..####Y.#
..........#..# r.#
.............# ..#
.......#####.# ..#
#......# #.# .##
.......# ###.. ..
#...)..##.##. .#
#..))).#.#


You could see 3 death yaks, a river rat and a rat.

Vanquished Creatures
  4 yaks
  2 steam dragons
  An acid dragon (D:8)
  3 water moccasins
  A black bear (D:5)
  2 orc warriors
  3 ogres
  2 phantoms
  2 centaurs (D:7)
  2 kobold brigands (D:8)
  2 bullfrogs
  2 scorpions
  7 wights
  9 killer bees
  6 howler monkeys
  3 hounds (D:5)
  3 jellies
  An orc priest (D:4)
  Ijyb (D:3)
  3 sleepcaps
  Terence (D:3)
  3 iguanas
  4 orc wizards
  Robin (D:3)
  A gnoll (D:8)
  11 adders
  2 shadow imps
  3 white imps
  2 adder zombies (D:4)
  7 worms
  2 dart slugs (D:1)
  19 orcs
  14 ball pythons
  23 endoplasms
  16 giant cockroaches
  10 goblins
  11 hobgoblins
  5 jackals
  7 quokkas
  3 bats (D:2)
  19 frilled lizards
  15 kobolds
  10 rats
248 creatures vanquished.

Notes
Turn   | Place    | Note
-------+----------+-------------------------------------------
     0 | D:1      | qw the Gargoyle Fighter began the quest for the Orb.
     0 | D:1      | Reached XP level 1. HP: 14/14 MP: 1/1
     0 | D:1      | 0 ||| qw: Version: 0.2-a-108-gee2c290
     0 | D:1      | 0 ||| qw: Game counter: 1375
     0 | D:1      | 0 ||| qw: Always use a shield: true
     0 | D:1      | 0 ||| qw: God list: Okawaru
     0 | D:1      | 0 ||| qw: Allow faded altars: false
     0 | D:1      | 0 ||| qw: Do Orc after D:15 true
     0 | D:1      | 0 ||| qw: Do second Lair branch before Depths: true
     0 | D:1      | 0 ||| qw: Lair rune preference: random
     0 | D:1      | 0 ||| qw: Plans: Normal, Zot:1-4, Slime:5, God:TSO, Crypt,
                  | Tomb, Abyss, Pan, Hells, Win
     0 | D:1      | 0 ||| PLANNING D:1-11
    56 | D:1      | Reached skill level 2 in Axes
    77 | D:1      | Reached XP level 2. HP: 19/19 MP: 2/2
   120 | D:1      | 120 ||| Stepping ~*~*~tactically~*~*~ (stealth).
   122 | D:1      | 122 ||| Stepping ~*~*~tactically~*~*~ (hiding).
   124 | D:1      | 124 ||| Stepping ~*~*~tactically~*~*~ (hiding).
   231 | D:1      | 231 ||| DROPPING +0 club.
   521 | D:1      | Reached skill level 3 in Axes
   637 | D:1      | Reached XP level 3. HP: 23/23 MP: 3/3
   651 | D:1      | 651 ||| Stepping ~*~*~tactically~*~*~ (hiding).
  1044 | D:1      | 1044 ||| READING scroll labelled EVADWOV HIDGHO.
  1045 | D:1      | 1045 ||| READING scroll labelled NYOTO HUTUKK.
  1046 | D:1      | 1046 ||| READING scroll labelled CEFEKE PUBO.
  1047 | D:1      | 1047 ||| READING scroll labelled XAUROL DAIMEANYO.
  1069 | D:2      | 1069 ||| STAIRDANCE
  1166 | D:2      | 1166 ||| Stepping ~*~*~tactically~*~*~ (stealth).
  1265 | D:2      | 1265 ||| DROPPING +0 whip.
  1463 | D:2      | Reached XP level 4. HP: 26/28 MP: 4/4
  1600 | D:2      | 1600 ||| UPGRADING to amulet of faith.
  1605 | D:2      | 1605 ||| UPGRADING to +6 ring of strength.
  1606 | D:2      | 1606 ||| READING 2 scrolls labelled QUTRUO QELEB.
  1607 | D:2      | 1607 ||| READING scroll labelled COYTIUGIMP.
  1608 | D:2      | 1608 ||| READING scroll labelled JIACSE JOMEFUI.
  1608 | D:2      | Identified a scroll of acquirement
  1608 | D:2      | 1608 ||| ACQUIRING +5 cloak of Greater Demons {Str+2}
  1608 | D:2      | Acquired the +5 cloak of Greater Demons {Str+2}
  1610 | D:2      | 1610 ||| UPGRADING to +5 cloak of Greater Demons {Str+2}.
  1615 | D:2      | 1615 ||| DROPPING scroll of noise.
  1619 | D:3      | Noticed Ijyb
  1620 | D:3      | Paralysed by Ijyb for 2 turns
  1633 | D:3      | Killed Ijyb
  1634 | D:3      | Reached skill level 4 in Axes
  1651 | D:3      | Noticed Terence
  1652 | D:3      | 1652 ||| Stepping ~*~*~tactically~*~*~ (stealth).
  1661 | D:3      | Killed Terence
  1662 | D:3      | Reached XP level 5. HP: 29/32 MP: 5/5
  1680 | D:3      | 1680 ||| Stepping ~*~*~tactically~*~*~ (stealth).
  1699 | D:3      | 1699 ||| Stepping ~*~*~tactically~*~*~ (stealth).
  1739 | D:3      | Noticed Robin
  1740 | D:3      | 1740 ||| Stepping ~*~*~tactically~*~*~ (hiding).
  1752 | D:3      | Killed Robin
  1760 | D:3      | Reached skill level 5 in Axes
  1876 | D:3      | Reached skill level 1 in Dodging
  1897 | D:3      | 1897 ||| Stepping ~*~*~tactically~*~*~ (hiding).
  1898 | D:3      | 1898 ||| Stepping ~*~*~tactically~*~*~ (hiding).
  1903 | D:3      | 1903 ||| Stepping ~*~*~tactically~*~*~ (stealth).
  2365 | D:3      | 2365 ||| UPGRADING to +0 helmet.
  2370 | D:3      | 2370 ||| UPGRADING to ring of see invisible.
  2371 | D:3      | 2371 ||| READING 2 scrolls labelled POQURU KOX.
  2372 | D:3      | 2372 ||| READING scroll labelled SAOTRU FOWIU.
  2373 | D:3      | 2373 ||| READING scroll labelled PAKHIEWECLU.
  2374 | D:3      | 2374 ||| READING scroll labelled LEATWO YWEA.
  2375 | D:3      | 2375 ||| DRINKING 3 sedimented purple potions.
  2376 | D:3      | 2376 ||| READING 2 scrolls of identify.
  2376 | D:3      | 2376 ||| IDENTIFYING golden potion
  2377 | D:3      | 2377 ||| DROPPING potion of ambrosia.
  2378 | D:3      | 2378 ||| DROPPING scroll of fear.
  2438 | D:4      | Noticed a phantom
  2442 | D:4      | 2442 ||| Stepping ~*~*~tactically~*~*~ (stealth).
  2455 | D:4      | Killed a phantom
  2456 | D:4      | Reached XP level 6. HP: 37/39 MP: 6/6
  2519 | D:4      | 2519 ||| Stepping ~*~*~tactically~*~*~ (hiding).
  2685 | D:4      | 2685 ||| Stepping ~*~*~tactically~*~*~ (stealth).
  2788 | D:4      | Reached skill level 6 in Axes
  2788 | D:4      | Reached XP level 7. HP: 12/44 MP: 7/7
  2835 | D:4      | 2835 ||| FLEEEEING.
  2836 | D:4      | 2836 ||| FLEEEEING.
  2837 | D:4      | 2837 ||| FLEEEEING.
  2838 | D:4      | 2838 ||| FLEEEEING.
  2843 | D:4      | Found a sacrificial altar of Ru.
  2856 | D:4      | 2856 ||| FLEEEEING.
  2865 | D:4      | 2865 ||| STAIRDANCE
  2903 | D:3      | 2903 ||| UPGRADING to +2 pair of gloves.
  2908 | D:3      | 2908 ||| READING scroll labelled ARAGALEPIG.
  3043 | D:4      | 3043 ||| Stepping ~*~*~tactically~*~*~ (stealth).
  3068 | D:4      | Found a basalt altar of Yredelemnul.
  3080 | D:4      | Found a stormy altar of Qazlal.
  3138 | D:4      | 3138 ||| DRINKING 2 sedimented pink potions.
  3139 | D:4      | 3139 ||| READING 2 scrolls of identify.
  3139 | D:4      | 3139 ||| IDENTIFYING bubbling black potion
  3140 | D:4      | 3140 ||| DROPPING potion of degeneration.
  3162 | D:5      | Entered Level 5 of the Dungeon
  3325 | D:5      | Reached skill level 7 in Axes
  3412 | D:5      | Reached XP level 8. HP: 49/49 MP: 8/8
  3415 | D:5      | 3415 ||| FLEEEEING.
  3417 | D:5      | 3417 ||| FLEEEEING.
  3418 | D:5      | 3418 ||| FLEEEEING.
  3422 | D:5      | 3422 ||| FLEEEEING.
  3423 | D:5      | 3423 ||| FLEEEEING.
  3424 | D:5      | 3424 ||| FLEEEEING.
  3425 | D:5      | 3425 ||| FLEEEEING.
  3426 | D:5      | 3426 ||| FLEEEEING.
  3433 | D:5      | 3433 ||| FLEEEEING.
  3434 | D:5      | 3434 ||| FLEEEEING.
  3468 | D:5      | 3468 ||| STAIRDANCE
  3472 | D:5      | 3472 ||| STAIRDANCE
  3476 | D:5      | 3476 ||| STAIRDANCE
  3480 | D:5      | 3480 ||| STAIRDANCE
  3484 | D:5      | 3484 ||| STAIRDANCE
  3488 | D:5      | 3488 ||| STAIRDANCE
  3492 | D:5      | 3492 ||| STAIRDANCE
  3496 | D:5      | 3496 ||| STAIRDANCE
  3500 | D:5      | 3500 ||| STAIRDANCE
  3504 | D:5      | 3504 ||| STAIRDANCE
  3508 | D:5      | 3508 ||| STAIRDANCE
  3512 | D:5      | 3512 ||| STAIRDANCE
  3516 | D:5      | 3516 ||| STAIRDANCE
  3520 | D:5      | 3520 ||| STAIRDANCE
  3524 | D:5      | 3524 ||| STAIRDANCE
  3528 | D:5      | 3528 ||| STAIRDANCE
  3532 | D:5      | 3532 ||| STAIRDANCE
  3536 | D:5      | 3536 ||| STAIRDANCE
  3540 | D:5      | 3540 ||| STAIRDANCE
  3544 | D:5      | 3544 ||| STAIRDANCE
  3595 | D:5      | 3595 ||| FLEEEEING.
  3596 | D:5      | 3596 ||| FLEEEEING.
  3602 | D:4      | Found a shadowy altar of Dithmenos.
  3602 | D:4      | Found a radiant altar of Vehumet.
  3634 | D:5      | Identified the +3 leather armour of the Heavens {Rampage
                  | *Corrode rPois}
  3645 | D:5      | Found Negised's Armour Emporium.
  3663 | D:5      | 3663 ||| BUYING +0 pair of boots of stealth (126 gold).
  3663 | D:5      | Bought a +0 pair of boots of stealth for 126 gold pieces
  3663 | D:5      | 3663 ||| BUYING +1 scale mail of poison resistance (143
                  | gold).
  3663 | D:5      | Bought a +1 scale mail of poison resistance for 143 gold
                  | pieces
  3663 | D:5      | 3663 ||| SHOPLISTING +2 scale mail of cold resistance (231
                  | gold, have 61).
  3863 | D:5      | Found a shimmering blue altar of Sif Muna.
  3903 | D:5      | Found an iron altar of Okawaru.
  3904 | D:5      | 3904 ||| PLANNING OKAWARU WORSHIP
  3904 | D:5      | 3904 ||| DROPPING +3 leather armour of the Heavens {Rampage
                  | *Corrode rPois}.
  3905 | D:5      | 3905 ||| UPGRADING to +0 pair of boots of stealth.
  3910 | D:5      | 3910 ||| UPGRADING to +1 scale mail of poison resistance.
  3920 | D:5      | 3920 ||| DROPPING +0 scale mail.
  3921 | D:5      | 3921 ||| READING scroll labelled GIUNWO ROPUD.
  3922 | D:5      | 3922 ||| READING 3 scrolls of identify.
  3922 | D:5      | 3922 ||| IDENTIFYING metallic yellow potion
  3923 | D:5      | 3923 ||| READING 2 scrolls of identify.
  3923 | D:5      | 3923 ||| IDENTIFYING murky puce potion
  3924 | D:5      | 3924 ||| DROPPING potion of berserk rage.
  3932 | D:5      | Became a worshipper of Warmaster Okawaru
  3932 | D:5      | 3932 ||| PLANNING D:1-11
  3935 | D:5      | 3935 ||| DROPPING +2 heavy hand axe.
  4109 | D:5      | 4109 ||| DRINKING 2 grey potions.
  4122 | D:6      | 4122 ||| PLANNING SEWER
  4128 | D:6      | 4128 ||| Stepping ~*~*~tactically~*~*~ (hiding).
  4129 | D:6      | 4129 ||| Stepping ~*~*~tactically~*~*~ (hiding).
  4130 | D:6      | 4130 ||| Stepping ~*~*~tactically~*~*~ (hiding).
  4131 | D:6      | 4131 ||| Stepping ~*~*~tactically~*~*~ (hiding).
  4137 | D:6      | Reached skill level 8 in Axes
  4148 | D:6      | Reached skill level 6 in Fighting
  4155 | D:6      | 4155 ||| Stepping ~*~*~tactically~*~*~ (hiding).
  4268 | D:6      | Found a staircase to the Ecumenical Temple.
  4361 | D:6      | Found Jomuxtia's Armour Boutique.
  4378 | D:6      | 4378 ||| SHOPLISTING +1 plate armour of willpower (420
                  | gold, have 159).
  4478 | D:6      | Reached * piety under Okawaru
  4535 | D:6      | 4535 ||| INVOKING Heroism.
  4689 | D:6      | Found a glowing drain.
  4693 | D:6      | 4693 ||| READING scroll labelled WIHUTS MYNUEG.
  4698 | Sewer    | Entered a sewer
  4732 | Sewer    | Reached skill level 1 in Invocations
  4747 | Sewer    | 4747 ||| Stepping ~*~*~tactically~*~*~ (water).
  4759 | Sewer    | 4759 ||| Stepping ~*~*~tactically~*~*~ (water).
  4794 | Sewer    | 4794 ||| Stepping ~*~*~tactically~*~*~ (water).
  4796 | Sewer    | Reached XP level 9. HP: 55/55 MP: 9/9
  4817 | Sewer    | 4817 ||| Stepping ~*~*~tactically~*~*~ (water).
  4897 | Sewer    | 4897 ||| Stepping ~*~*~tactically~*~*~ (water).
  4957 | Sewer    | 4957 ||| Stepping ~*~*~tactically~*~*~ (water).
  4991 | Sewer    | 4991 ||| Stepping ~*~*~tactically~*~*~ (stealth).
  5008 | Sewer    | 5008 ||| Stepping ~*~*~tactically~*~*~ (water).
  5072 | Sewer    | 5072 ||| UPGRADING to +3 plate armour of willpower.
  5082 | Sewer    | 5082 ||| DROPPING +1 scale mail of poison resistance.
  5097 | D:6      | 5097 ||| PLANNING D:1-11
  5296 | D:7      | 5296 ||| Stepping ~*~*~tactically~*~*~ (stealth).
  5297 | D:7      | 5297 ||| Stepping ~*~*~tactically~*~*~ (stealth).
  5333 | D:7      | 5333 ||| Stepping ~*~*~tactically~*~*~ (stealth).
  5338 | D:7      | 5338 ||| Stepping ~*~*~tactically~*~*~ (hiding).
  5339 | D:7      | 5339 ||| INVOKING Heroism.
  5348 | D:7      | Reached skill level 3 in Invocations
  5404 | D:7      | 5404 ||| Stepping ~*~*~tactically~*~*~ (stealth).
  5417 | D:7      | Found a white marble altar of Elyvilon.
  5420 | D:7      | 5420 ||| Stepping ~*~*~tactically~*~*~ (hiding).
  5422 | D:7      | 5422 ||| INVOKING Heroism.
  5434 | D:7      | 5434 ||| Stepping ~*~*~tactically~*~*~ (cloud).
  5435 | D:7      | 5435 ||| Stepping ~*~*~tactically~*~*~ (cloud).
  5539 | D:7      | Found a flagged portal.
  5551 | D:7      | Found an opulent altar of Gozag.
  5554 | D:7      | Found Gozag's Platinum Reserve.
  5566 | D:7      | 5566 ||| SHOPLISTING ring "Worodu" {Ice Will+} (3760 gold,
                  | have 207).
  5628 | D:7      | 5628 ||| Stepping ~*~*~tactically~*~*~ (stealth).
  5660 | D:7      | 5660 ||| Stepping ~*~*~tactically~*~*~ (stealth).
  5664 | D:7      | 5664 ||| Stepping ~*~*~tactically~*~*~ (stealth).
  5682 | D:7      | Reached skill level 6 in Armour
  5738 | D:7      | Found a hazy altar of Hepliaklqana.
  5741 | D:7      | 5741 ||| Stepping ~*~*~tactically~*~*~ (stealth).
  5744 | D:7      | 5744 ||| Stepping ~*~*~tactically~*~*~ (hiding).
  5745 | D:7      | 5745 ||| Stepping ~*~*~tactically~*~*~ (hiding).
  5746 | D:7      | 5746 ||| Stepping ~*~*~tactically~*~*~ (hiding).
  5747 | D:7      | 5747 ||| Stepping ~*~*~tactically~*~*~ (hiding).
  5766 | D:7      | 5766 ||| Stepping ~*~*~tactically~*~*~ (stealth).
  5767 | D:7      | 5767 ||| Stepping ~*~*~tactically~*~*~ (stealth).
  5776 | D:7      | Found Nuru Zou's General Store.
  5783 | D:7      | 5783 ||| BUYING +0 buckler of cold resistance (172 gold).
  5783 | D:7      | Bought a +0 buckler of cold resistance for 172 gold pieces
  5783 | D:7      | 5783 ||| SHOPLISTING +4 ring of slaying (1170 gold, have
                  | 63).
  5783 | D:7      | 5783 ||| SHOPLISTING potion of heal wounds (75 gold, have
                  | 63).
  5783 | D:7      | 5783 ||| BUYING potion of might (60 gold).
  5783 | D:7      | Bought a potion of might for 60 gold pieces
  5783 | D:7      | 5783 ||| SHOPLISTING scroll of enchant armour (112 gold,
                  | have 3).
  5843 | D:7      | 5843 ||| INVOKING Heroism.
  5857 | D:7      | Reached skill level 9 in Axes
  5879 | D:7      | 5879 ||| Stepping ~*~*~tactically~*~*~ (stealth).
  5884 | D:7      | 5884 ||| Stepping ~*~*~tactically~*~*~ (stealth).
  6189 | D:7      | Found an ancient bone altar of Kikubaaqudgha.
  6407 | D:7      | 6407 ||| UPGRADING to +0 buckler of cold resistance.
  6417 | D:7      | 6417 ||| DROPPING +0 buckler.
  6418 | D:7      | 6418 ||| DRINKING 2 metallic golden potions.
  6419 | D:7      | 6419 ||| DROPPING potion of flight.
  6454 | D:8      | 6454 ||| FLEEEEING.
  6455 | D:8      | 6455 ||| STAIRDANCE
  6511 | D:8      | 6511 ||| INVOKING Heroism.
  6513 | D:8      | Reached ** piety under Okawaru
  6535 | D:8      | 6535 ||| STAIRDANCE
  6537 | D:7      | 6537 ||| INVOKING Heroism.
  6540 | D:7      | Reached XP level 10. HP: 37/63 MP: 10/13
  6626 | D:8      | 6626 ||| INVOKING Heroism.
  6686 | D:8      | 6686 ||| Stepping ~*~*~tactically~*~*~ (stealth).
  6740 | D:8      | 6740 ||| INVOKING Heroism.
  6744 | D:8      | Reached *** piety under Okawaru
  6767 | D:8      | 6767 ||| Stepping ~*~*~tactically~*~*~ (stealth).
  6923 | D:8      | 6923 ||| Stepping ~*~*~tactically~*~*~ (stealth).
  6924 | D:8      | 6924 ||| Stepping ~*~*~tactically~*~*~ (stealth).
  6952 | D:8      | Noticed a death yak
  6953 | D:8      | 6953 ||| INVOKING Heroism.
  6954 | D:8      | Noticed a death yak
  6957 | D:8      | Reached skill level 10 in Axes
  6957 | D:8      | Noticed a death yak
  6975 | D:8      | HP: 13/63 [death yak (7)]
  6976 | D:8      | 6976 ||| READING 6 scrolls of teleportation.
  6977 | D:8      | 6977 ||| INVOKING Heroism.
  6978 | D:8      | Slain by a death yak

Levels and vault maps discovered:
D:1:      saegor_arrival_under_anarchy, layout_loops_corners,
          minmay_misc_feat_square
D:2:      layout_rooms
D:3:      layout_basic, minmay_vboxes, uniq_robin, uniq_terence, uniq_ijyb
D:4:      layout_cave_pools, nicolae_qazlal_scattered_showers,
          lemuel_zombie_altar_yredelemnul, nicolae_ru_path_of_blood,
          nicolae_overflow_hidden_temple
D:5:      layout_basic, marbit_many_paths, okawaru_ov_weapons_minmay,
          serial_shops, nicolae_shop_just_a_little_nook
D:6:      layout_rooms, temple_fountains, gup_sewer_entry_bubbles, serial_shops,
          nicolae_shop_tiny_waterfront
D:7:      layout_loops_corners, lemuel_crystal_altar,
          nicolae_gozag_zags_fifth_avenue, mainiacjoe_overflow_24_doors,
          mainiacjoe_overflow_concentric_impassable, enter_bailey_2,
          serial_shops, shop
D:8:      layout_loops_ring, dpeg_lair_monsters, hangedman_misty_isle

Skill      XL: |  1  2  3  4  5  6  7  8  9 10 |
---------------+-------------------------------+-----
Axes           | 2 3 4 5 6 7 8 9 10 | 10.0
Dodging        | 1 |  1.0
Fighting       | 4 5 6 7 |  7.4
Throwing       | 2 |  2.0
Armour         | 4 7 |  7.3
Invocations    | 1 4 |  4.0
Shields        | 4 |  4.5

Action                     |  1- 3 |  4- 6 |  7- 9 | 10-12 || total
---------------------------+-------+-------+-------+-------++-------
  Melee: War axe           |   135 |   190 |   356 |   103 ||   784
  Throw: Boomerang         |       |    27 |    61 |     7 ||    95
 Invoke: Heroism           |       |       |     6 |     4 ||    10
    Use: Scroll            |     4 |     8 |     6 |     1 ||    19
         Potion            |       |     1 |     3 |       ||     4
 Armour: Scale mail        |    71 |    87 |   127 |       ||   285
         Plate armour      |       |       |   106 |   114 ||   220
  Dodge: Dodged            |    59 |    74 |   155 |    64 ||   352
  Block: Buckler           |    31 |    21 |    77 |    30 ||   159

Table legend:
 A = Non-vault XP
 B = Vault XP
 C = Vault XP percentage of total XP
 D = Non-vault monster count
 E = Vault monster count
 F = Vault count percentage of total count
                 A         B        C        D         E       F
            +---------+---------+-------+---------+---------+-------
      Total |    5857 |     394 |   6.3 |     172 |      76 |  30.6
            +---------+---------+-------+---------+---------+-------
        D:1 |      43 |       0 |   0.0 |      23 |       0 |   0.0
        D:2 |      53 |       0 |   0.0 |      20 |       0 |   0.0
        D:3 |      60 |     121 |  66.9 |      20 |      18 |  47.4
        D:4 |     438 |      12 |   2.7 |      29 |       2 |   6.5
        D:5 |     869 |      11 |   1.2 |      15 |       1 |   6.2
        D:6 |     690 |      24 |   3.4 |      13 |       6 |  31.6
        D:7 |    1530 |       0 |   0.0 |      21 |       0 |   0.0
        D:8 |    2174 |       0 |   0.0 |      31 |       0 |   0.0
      Sewer |       0 |     226 | 100.0 |       0 |      49 | 100.0
            +---------+---------+-------+---------+---------+-------
